 Dungeon Crawl Stone Soup version 0.31-a0-1529-g7bd419a0e5 (webtiles) character file.

Game seed: 8583284004482788099

43199 ksail the Warrior (level 13, -5/126 HPs)
             Began as a Minotaur Fighter on Dec 30, 2023.
             Was a High Priest of Okawaru.
             Slain by Rupert
             ... wielding a +2 heavy battleaxe
              (40 damage)
             ... on level 13 of the Dungeon on Dec 31, 2023.
             The game lasted 00:56:26 (15855 turns).

ksail the Warrior (Minotaur Fighter)               Turns: 15855, Time: 00:56:27

Health: -5/126     AC: 25    Str: 27    XL:     13   Next: 89%
Magic:  6/17       EV: 12    Int:  2    God:    Okawaru [*****.]
Gold:   1559       SH: 18    Dex:  9    Spells: 12/12 levels left

rFire   + . .        o - +6 shillelagh "Devastator" {shatter}
rCold   + + .        z - +0 kite shield
rNeg    + . .        L - +0 plate armour
rPois   +            (helmet restricted)
rElec   +            y - +0 cloak {rCorr}
rCorr   +            c - +2 pair of gloves
SInv    .            I - +0 pair of boots "Sadi" {rElec rPois rC+ Int-3}
Will    .....        K - amulet of reflection Stlth
                     j - ring of poison resistance
HPRegen 0.41/turn    d - ring of Sloth {rF+ rC+ rN+ Slay+3}
MPRegen 0.15/turn

%: reflection
@: heroic, finesse-ful
A: horns 2, retaliatory headbutt
a: Renounce Religion, Heroism, Finesse, Duel


You were on level 13 of the Dungeon.
You worshipped Okawaru.
Okawaru was extremely pleased with you.
You visited 4 branches of the dungeon, and saw 17 of its levels.
You visited the Abyss 1 time.
You also visited: Ice Cave.

You collected 1629 gold pieces.
You spent 70 gold pieces at shops.

Inventory:

Hand Weapons
 a - a +1 war axe
 o - the +6 shillelagh "Devastator" (weapon) {shatter}
   (You found it on level 2 of the Dungeon)
Missiles
 F - 10 poisoned darts (quivered)
Armour
 c - a +2 pair of gloves (worn)
 k - a +0 pair of gloves
 y - a +0 cloak of preservation (worn)
 z - a +0 kite shield (worn)
 I - the +0 pair of boots "Sadi" (worn) {rElec rPois rC+ Int-3}
   (You found it on level 11 of the Dungeon)

   Int-3:     It affects your intelligence (-3).
   rC+:       It protects you from cold.
   rElec:     It insulates you from electricity.
   rPois:     It protects you from poison
 L - a +0 plate armour (worn)
Jewellery
 d - the ring of Sloth (right hand) {rF+ rC+ rN+ Slay+3}
   (You found it in an ice cave)

   [ring of positive energy]

   Slay+3:    It affects your accuracy & damage with ranged weapons and melee
   (+3).
   rF+:       It protects you from fire.
   rC+:       It protects you from cold.
   rN+:       It protects you from negative energy.
 j - a ring of poison resistance (left hand)
 l - an amulet of faith
 B - a ring of resist corrosion
 G - a +6 ring of intelligence
 K - an amulet of reflection (around neck)
Wands
 r - a wand of charming (12)
 u - a wand of quicksilver (24)
 H - a wand of digging (5)
 J - a wand of flame (10)
Scrolls
 b - a scroll of enchant armour {unknown}
 g - 8 scrolls of identify
 i - 3 scrolls of immolation
 m - 4 scrolls of amnesia
 n - 4 scrolls of enchant weapon
 q - a scroll of fog
 w - a scroll of blinking
 A - 3 scrolls of poison
 C - 3 scrolls of vulnerability
Potions
 e - 5 potions of haste
 f - 5 potions of curing
 h - 3 potions of lignification
 s - 4 potions of resistance
 t - 2 potions of enlightenment
 D - 2 potions of invisibility {unknown}


   Skills:
 + Level 15.1(20.1) Fighting
 - Level 3.2(14.5) Axes
 - Level 13.8(19.0) Maces & Flails
 + Level 12.0(17.0) Armour
 + Level 10.1(15.1) Dodging
 + Level 11.7(16.7) Shields
 - Level 7.0 Invocations


You had 12 spell levels left.
You didn't know any spells.
Your spell library contained the following spells:

 Spells                   Type           Power      Damage    Failure   Level
 Apportation              Tloc           0%         N/A       99%         1
 Necrotise                Necr           0%         1d4       99%         1
 Shock                    Conj/Air       0%         1d3       99%         1
 Sting                    Conj/Alch      0%         1d3       99%         1
 Cigotuvi's Dreadful Rot  Necr/Alch/Air  0%         N/A       100%        2
 Sublimation of Blood     Necr           0%         N/A       100%        2
 Gell's Gravitas          Tloc           0%         N/A       100%        3
 Inner Flame              Hex/Fire       0%         N/A       100%        3
 Swiftness                Air            0%         N/A       100%        3
 Teleport Other           Tloc           0%         N/A       100%        3
 Volatile Blastmotes      Fire/Tloc      0%         2d10      100%        3
 Airstrike                Air            0%         2d(0-16)  100%        4
 Fulminant Prism          Conj/Alch      0%         3d5       100%        4
 Ignite Poison            Fire/Alch      0%         N/A       100%        4
 Iskenderun's Mystic Bla  Conj/Tloc      0%         2d3       100%        4
 Vhi's Electric Charge    Tloc/Air       0%         N/A       100%        4
 Arcjolt                  Conj/Air       0%         1d10      100%        5
 Freezing Cloud           Conj/Ice/Air   0%         6-21      100%        5
 Irradiate                Conj/Alch      0%         3d11      100%        5
 Dispersal                Tloc           0%         N/A       100%        6
 Plasma Beam              Fire/Air       0%         2x1d10    100%        6
 Borgnjor's Revivificati  Necr           0%         N/A       100%        8
 Ignition                 Fire           0%         3d3       100%        8
 Death's Door             Necr           0%         N/A       100%        9
 Summon Small Mammal      Summ           Unusable   N/A       N/A         1
 Call Imp                 Summ           Unusable   N/A       N/A         2
 Haunt                    Necr/Summ      Unusable   N/A       N/A         7
 Summon Hydra             Summ           Unusable   N/A       N/A         7

Dungeon Overview and Level Annotations

Branches:
Dungeon (13/15)            Temple (1/1) D:5            Lair (1/5) D:8
    Orc (2/2) D:10            Elf (0/3) Orc:2        Vaults (0/5) D:13
  IceCv (visited)

Altars:
Ashenzari
Cheibriados
Dithmenos
Elyvilon
Fedhas
Gozag
Hepliaklqana
Kikubaaqudgha
Makhleb
Nemelex Xobeh
Okawaru
Qazlal
Ru
Sif Muna
Trog
Uskayaw
Vehumet
Wu Jian
Xom
Yredelemnul
Zin
The Shining One
Lugonu

Shops:
D:3 !   D:4 :   D:12 !   Orc:2 :[[

Annotations:
D:1 1 transporter
D:13 Rupert
Orc:2 3 runed translucent doors, exclusion: 3 doors, Destinykillz's ghost, journeyman TrFi; Phlounder's ghost, adept DjIE; Sabo's ghost, journeyman GnMo; Tollund's ghost, journeyman VSNe


Innate Abilities, Weirdness & Mutations

You have a pair of horns on your head.
You reflexively headbutt those who attack you in melee.


Message History

You miss the meliai. Your headbutt misses the meliai.
The meliai is severely wounded.
You block the meliai's attack. x2
The meliai invokes the aid of its god against you.
Something smites you! You block the meliai's attack.
The meliai stings you but does no damage.
You closely miss the meliai.
The meliai is severely wounded.
The meliai calls upon its god to heal the meliai.
The meliai is healed somewhat.
A troll comes into view.
You can now deal lightning-fast blows.
You hit Rupert.
Rupert and the meliai shudder.
Rupert is lightly wounded.
The meliai is heavily wounded.
Rupert is lightly wounded.
You thump Rupert!
Rupert and the meliai shudder.
Rupert is moderately wounded.
The meliai is heavily wounded.
You headbutt Rupert.
Rupert is moderately wounded.
Rupert roars madly and goes into a rage!
Rupert goes berserk!
You closely miss Rupert. Your headbutt misses Rupert.
Rupert is moderately wounded.
The meliai calls upon its god to heal the meliai.
The meliai is healed somewhat.
You sock Rupert!
Rupert and the meliai shudder.
Rupert is moderately wounded.
The meliai is severely wounded.
You headbutt Rupert.
Rupert is moderately wounded.
Rupert hits you with a +2 heavy battleaxe!!
* * * LOW HITPOINT WARNING * * *
Okay, then.
Rupert attacks as he pursues you! You block Rupert's attack.
Your hands get new energy.
Rupert hits you with a +2 heavy battleaxe!!!
You die...
Rupert roars with triumph.

## ~~~≈~≈~.########.# <..
....≈≈~.#........# .~.~
#~.≈≈#.#.#......###
.~.~c##.≈##.#.#......#..
...cy.cT.............'..
##c###.##.......#.. #y#
#.##...#####.. #@#
#.##.#######.. #@# #.##.#
#...... #.###†##.#
#....## #.....#...
+....'.
############....##
..........
###################
#######..................
.......)################.
.#####.(# #.


You could see Rupert (berserk), a troll, a meliai and 2 centaurs.

Vanquished Creatures
  2 vault guards (D:13)
  Erolcha (Orc:2)
  An ironbound frostheart (D:13)
  2 centaur warriors
  A death knight (D:12)
  3 death yaks (D:8)
  3 two-headed ogres
  A skeletal warrior (D:9)
  A phantasmal warrior (D:12)
  A necromancer (IceCv)
  3 orc knights (Orc:2)
  A deep elf pyromancer (D:12)
  A manticore (D:12)
  3 ugly things (IceCv)
  2 cyclopes
  Maurice (D:7)
  4 kobold blastminers (Orc:2)
  A gargoyle (D:12)
  2 unseen horrors
  3 cane toads (Lair:1)
  6 freezing wraiths
  10 ice devils (IceCv)
  4 kobold demonologists
  2 anaconda simulacra (IceCv)
  2 komodo dragons (D:11)
  5 trolls
  2 polar bears (Lair:1)
  Prince Ribbit (D:5)
  8 slime creatures
  5 wraiths
  2 vampires
  20 yaks
  3 basilisks
  A wyvern (D:9)
  2 steam dragons
  2 humans (D:13)
  Menkaure (D:5)
  3 death yak simulacra (IceCv)
  6 acid dragons
  A harpy simulacrum (IceCv)
  Duvessa (D:5)
  3 hydra simulacra (IceCv)
  A water moccasin (D:5)
  34 orc warriors
  3 sky beasts (D:7)
  4 ice beasts
  4 black bears
  8 ogres
  12 centaurs
  7 wolves (Lair:1)
  2 kobold brigands
  A phantom (D:5)
  5 bullfrogs
  2 gnoll sergeants
  3 scorpions
  8 cane toad simulacra
  4 two-headed ogre simulacra
  12 wights
  Dowan (D:5)
  4 killer bees (D:9)
  6 elephant simulacra
  An electric eel (D:12)
  5 howler monkeys
  2 jellies
  10 orc priests
  2 hounds
  2 sleepcaps
  A gnoll bouda (D:5)
  An iguana (D:5)
  Terence (D:2)
  Natasha (D:2)
  28 orc wizards
  A spriggan simulacrum (D:13)
  2 hell rats (D:8)
  4 polar bear simulacra (IceCv)
  3 wolf simulacra
  8 gnolls
  2 naga simulacra
  A river rat (D:8)
  9 adders
  2 ribbon worms
  A shadow imp (D:6)
  A white imp (D:7)
  9 ufetubi
  3 dart slugs
  78 orcs
  13 ball pythons
  7 endoplasms
  3 giant cockroaches
  3 goblins
  5 hobgoblins
  A jackal (D:3)
  14 kobolds
  6 bats
  3 frilled lizards
  6 rats
487 creatures vanquished.

Notes
Turn   | Place    | Note
-------+----------+-------------------------------------------
     0 | D:1      | ksail the Minotaur Fighter began the quest for the Orb.
     0 | D:1      | Reached XP level 1. HP: 19/19 MP: 0/0
    91 | D:1      | Noticed a glass eye
    92 | D:1      | Found a faded altar of an unknown god.
    97 | D:1      | Noticed a glass eye
    97 | D:1      | Noticed a great orb of eyes
    97 | D:1      | Noticed an eye of devastation
   141 | D:1      | Reached XP level 2. HP: 27/27 MP: 1/1
   565 | D:1      | Reached skill level 4 in Fighting
   746 | D:2      | Reached XP level 3. HP: 33/33 MP: 2/2
   813 | D:2      | Found the +6 shillelagh "Devastator" {shatter}
   854 | D:2      | Reached skill level 1 in Maces & Flails
   963 | D:2      | Noticed Natasha
   968 | D:2      | Killed Natasha
   969 | D:2      | Reached XP level 4. HP: 38/41 MP: 3/3
  1001 | D:2      | Noticed Terence
  1009 | D:2      | Killed Terence
  1329 | D:3      | Found Jistriff's Distillery.
  2078 | D:3      | Bought a potion of heal wounds for 70 gold pieces
  2093 | D:4      | Reached XP level 5. HP: 47/47 MP: 4/4
  2099 | D:4      | Reached skill level 5 in Fighting
  2413 | D:4      | Found an ancient bone altar of Kikubaaqudgha.
  2423 | D:4      | Reached XP level 6. HP: 45/56 MP: 5/5
  2502 | D:4      | Found Dyffybod's Book Shoppe.
  2553 | D:4      | Found a stormy altar of Qazlal.
  2877 | D:5      | Entered Level 5 of the Dungeon
  2879 | D:5      | Noticed Prince Ribbit
  2880 | D:5      | Reached skill level 5 in Maces & Flails
  2884 | D:5      | Killed Prince Ribbit
  2885 | D:5      | Reached skill level 6 in Fighting
  2885 | D:5      | Reached XP level 7. HP: 60/63 MP: 6/6
  2943 | D:5      | Found a staircase to the Ecumenical Temple.
  2967 | Temple   | Entered the Ecumenical Temple
  2974 | D:5      | Noticed Duvessa
  2977 | D:5      | Noticed Dowan
  2979 | D:5      | Killed Duvessa
  2984 | D:5      | Killed Dowan
  3065 | D:5      | Noticed Menkaure
  3070 | D:5      | Killed Menkaure
  3071 | D:5      | Reached skill level 7 in Fighting
  3158 | D:5      | Reached XP level 8. HP: 71/73 MP: 7/7
  3218 | D:5      | Identified the +4 dagger "Qaadops" {holy, rPois rN+ Dex+3}
  3505 | D:6      | Reached skill level 8 in Fighting
  3514 | D:6      | Reached skill level 10 in Maces & Flails
  3554 | D:6      | Identified the +1 rapier "Buinwog" {flame, Str-4 Dex+3
                  | SInv}
  3935 | D:6      | Reached XP level 9. HP: 79/82 MP: 8/8
  3985 | D:6      | Reached skill level 9 in Fighting
  4338 | D:7      | Found a shadowy altar of Dithmenos.
  4390 | D:7      | Noticed Maurice
  4394 | D:7      | Maurice stole 52 gold
  4397 | D:7      | Killed Maurice
  4398 | D:7      | Reached skill level 10 in Fighting
  4811 | D:8      | Noticed a death yak
  4811 | D:8      | Noticed a death yak
  4811 | D:8      | Found a staircase to the Lair.
  4814 | D:8      | Noticed a death yak
  5185 | D:8      | Reached XP level 10. HP: 47/94 MP: 9/9
  5185 | D:8      | Killed a death yak
  5186 | D:8      | Reached skill level 1 in Dodging
  5327 | D:8      | Killed a death yak
  5328 | D:8      | Killed a death yak
  5329 | D:8      | Reached skill level 11 in Fighting
  5329 | D:8      | Reached skill level 5 in Armour
  5329 | D:8      | Reached skill level 5 in Shields
  5543 | D:7      | Upgraded the game from 0.31-a0-1499-ge0622b2318 to
                  | 0.31-a0-1529-g7bd419a0e5
  6018 | D:8      | Found a sacrificial altar of Ru.
  6100 | D:9      | Found a broken altar of Ashenzari.
  6100 | D:9      | Found an ornate altar of the Wu Jian Council.
  6107 | D:9      | Found a faded altar of an unknown god.
  6109 | D:9      | Found a blossoming altar of Fedhas.
  6110 | D:9      | Found a faded altar of an unknown god.
  6202 | D:9      | Noticed a two-headed ogre
  6216 | D:9      | Reached XP level 11. HP: 65/104 MP: 10/10
  6222 | D:9      | Noticed a two-headed ogre
  6427 | D:9      | Killed a two-headed ogre
  6432 | D:9      | Killed a two-headed ogre
  6433 | D:9      | Reached skill level 12 in Fighting
  6433 | D:9      | Reached skill level 5 in Dodging
  6591 | D:9      | Noticed a skeletal warrior
  6599 | D:9      | Killed a skeletal warrior
  7019 | D:9      | Found a snail-covered altar of Cheibriados.
  7402 | D:10     | Entered Level 10 of the Dungeon
  7407 | D:10     | Found a burning altar of Makhleb.
  7724 | D:10     | Found an iron altar of Okawaru.
  7736 | D:10     | Became a worshipper of Warmaster Okawaru
  8198 | D:10     | Found a staircase to the Orcish Mines.
  8464 | D:11     | Noticed a two-headed ogre
  8469 | D:10     | Reached * piety under Okawaru
  8481 | D:10     | Killed a two-headed ogre
  8746 | D:11     | Identified the +0 pair of boots "Sadi" {rElec rPois rC+
                  | Int-3}
  9093 | D:11     | Reached ** piety under Okawaru
  9140 | D:11     | Reached skill level 13 in Fighting
  9763 | D:12     | Reached XP level 12. HP: 104/115 MP: 11/11
  9830 | D:12     | HP: 3/115 [burnt (10)]
 10200 | D:12     | Reached *** piety under Okawaru
 10461 | Lair:1   | Entered Level 1 of the Lair of Beasts
 10589 | Orc:1    | Entered Level 1 of the Orcish Mines
 11000 | Orc:2    | Entered Level 2 of the Orcish Mines
 11000 | Orc:2    | Found a staircase to the Elven Halls.
 11022 | Orc:1    | Reached skill level 1 in Invocations
 11341 | Orc:2    | Found a runed translucent gate.
 11342 | Orc:2    | Found a runed translucent gate.
 11346 | Orc:2    | Found a runed translucent gate.
 11347 | Orc:2    | Noticed Tollund's ghost (journeyman VSNe)
 11347 | Orc:2    | Noticed Phlounder's ghost (adept DjIE)
 11347 | Orc:2    | Noticed Sabo's ghost (journeyman GnMo)
 11349 | Orc:2    | Noticed Destinykillz's ghost (journeyman TrFi)
 11360 | Orc:2    | Reached **** piety under Okawaru
 11557 | Orc:2    | Noticed a centaur warrior
 11567 | Orc:2    | Killed a centaur warrior
 11682 | Orc:2    | Reached skill level 10 in Armour
 11776 | Orc:2    | Reached skill level 10 in Shields
 11934 | Orc:2    | Reached ***** piety under Okawaru
 12187 | Orc:2    | Noticed Erolcha
 12278 | Abyss:2  | Cast into level 2 of the Abyss (Erolcha)
 12287 | Orc:2    | Escaped the Abyss
 12297 | Orc:2    | Killed Erolcha
 12310 | Orc:2    | Received a gift from Okawaru
 12344 | Orc:2    | Reached skill level 14 in Fighting
 12425 | Orc:2    | Found Gyal Qoigo's Antique Armour Boutique.
 12427 | Orc:2    | Found Ikkoroacur's Antique Armour Shoppe.
 12429 | Orc:2    | Found Jeysuhug's Book Shop.
 13062 | Lair:1   | Reached skill level 5 in Invocations
 13195 | Lair:1   | Reached XP level 13. HP: 117/124 MP: 15/15
 13847 | D:12     | Found a corrupted altar of Lugonu.
 14303 | D:12     | Found Befitiaq's Distillery.
 14648 | D:13     | Received a gift from Okawaru
 14724 | D:13     | Found a frozen archway.
 14745 | IceCv    | Entered an ice cave
 14992 | IceCv    | Found an ancient bone altar of Kikubaaqudgha.
 15191 | IceCv    | Reached skill level 10 in Dodging
 15499 | IceCv    | Identified the ring of Sloth {rF+ rC+ rN+ Slay+3}
 15650 | D:13     | Reached skill level 15 in Fighting
 15667 | D:13     | Found a gate to the Vaults.
 15838 | D:13     | Noticed Rupert
 15855 | D:13     | Slain by Rupert

Illustrated notes

Levels and vault maps discovered:
D:1:      spicycebolla_arrival_risky_transporter, layout_basic, serial_forest,
          infiniplex_forest_lined_ring, infiniplex_forest_zigzag_2,
          infiniplex_forest_lined_1, infiniplex_forest_clump_diagonal,
          infiniplex_forest_corner_2, infiniplex_forest_lined_3,
          infiniplex_forest_zigzag_1, infiniplex_forest_lined_2,
          hellmonk_ecumenical_altar_watching_god, minmay_misc_feat_plants,
          kennysheep_crisscross, nicolae_kite_square_tiling_tiny
D:2:      layout_loops_ring, uniq_terence, uniq_natasha
D:3:      layout_basic, serial_shops, nicolae_shop_pleasant_corner_grove,
          serial_corexii_hall, chequers_hall_statues_wall_a,
          chequers_hall_statues_corner_a, minmay_fractal_squares_gapless_5
D:4:      layout_rooms, kiku_gazebo_pond_becter, grunt_qazlal_clouds,
          serial_shops, shop_coins, minivault_19
D:5:      layout_rooms, minmay_temple_entry_stoned_glass, uniq_duvessa,
          uniq_prince_ribbit1, uniq_menkaure
D:6:      layout_gridville
D:7:      layout_loops_ring, nicolae_dithmenos_through_a_glass_darkly,
          uniq_maurice
D:8:      layout_rooms, old_standard_altar, dpeg_lair_monsters
D:9:      layout_irregular_city, chequers_temple_overflow_minitemple,
          cheibrodos_worm_habitat, minmay_shattered_shrine
D:10:     layout_stronghold, mainiacjoe_overflow_paths,
          hellmonk_okawaru_the_only_friend_you_need, david_orc_4,
          minmay_misc_feat_rugged
D:11:     layout_loops_ring, serial_bayou_pond_e
D:12:     layout_basic, serial_shops, nicolae_shop_industrial_runoff,
          tgw_lugonu_bribe
D:13:     layout_basic, hellmonk_vaults_keyhole,
          portal_ice_cave_entry_ice_simulacra, uniq_rupert
Temple:   hellmonk_temple_flake
Lair:1:   layout_small_grid, infiniplex_staircase_pool_2
Orc:1:    layout_caves, basic_altar, nicolae_orc_tapped_out
Orc:2:    st_orc_rangers, layout_caves, gammafunk_ghost_cemetery, uniq_erolcha

Skill      XL: |  1  2  3  4  5  6  7  8  9 10 11 12 13 |
---------------+----------------------------------------+-----
Shields        | 4 6 9 10 11 | 11.7
Axes           | 3 |  3.2
Armour         | 4 6 9 10 12 | 12.0
Fighting       | 4 5 6 7 8 10 11 13 14 15 | 15.1
Maces & Flails | 2 3 4 6 8 11 13 | 13.8
Dodging        | 4 7 8 10 | 10.1
Invocations    | 5 7 |  7.0

Action                     |  1- 3 |  4- 6 |  7- 9 | 10-12 | 13-15 || total
---------------------------+-------+-------+-------+-------+-------++-------
  Melee: War axe           |    43 |       |       |       |       ||    43
         Headbutt          |     3 |     3 |    13 |    65 |    46 ||   130
         Shillelagh        |     8 |    44 |   139 |   379 |   221 ||   791
  Throw: Dart              |       |       |       |     9 |     2 ||    11
 Invoke: Heroism           |       |       |       |     1 |     4 ||     5
         Finesse           |       |       |       |       |     4 ||     4
  Evoke: Wand              |       |       |       |     1 |       ||     1
    Use: Scroll            |       |     7 |     1 |     8 |     2 ||    18
         Potion            |       |       |       |     7 |     1 ||     8
 Armour: Scale mail        |    29 |    20 |    94 |   111 |       ||   254
         Plate armour      |       |       |       |   108 |    96 ||   204
  Dodge: Dodged            |    23 |    16 |    47 |   101 |    47 ||   234
  Block: Buckler           |    12 |     9 |    18 |     1 |       ||    40
         Kite shield       |       |       |       |   228 |   137 ||   365
         Reflection        |       |       |       |    76 |     5 ||    81

Table legend: (Time is in decaauts)
 A = Elapsed time spent in this place.
 B = Non-inter-level travel time spent in this place.
 C = Inter-level travel time spent in this place.
 D = Time resting spent in this place.
 E = Time spent auto-exploring this place.
 F = Levels seen in this place.
 G = Mean time per level.
                   A        B        C        D        E       F      G
               +--------+--------+--------+--------+--------+-----+--------+
         Total |  15690 |  14720 |    970 |   3810 |   8068 |  19 |  825.8 |
       Dungeon |  11930 |  11060 |    870 |   2738 |   6302 |  13 |  917.7 |
        Temple |      1 |      1 |      0 |      0 |      0 |   1 |    1.0 |
          Lair |    690 |    670 |     20 |      0 |    527 |   1 |  690.0 |
  Orcish Mines |   2204 |   2124 |     80 |    650 |    965 |   2 | 1102.0 |
         Abyss |      8 |      8 |      0 |      0 |      0 |   1 |    8.0 |
      Ice Cave |    855 |    855 |      0 |    421 |    274 |   1 |  855.0 |
               +--------+--------+--------+--------+--------+-----+--------+

Top non-repeatable levels by time:
    D:10: 1542 daAuts
    D:11: 1510 daAuts
     D:8: 1204 daAuts
   Orc:2: 1191 daAuts
     D:9: 1184 daAuts
    D:12: 1075 daAuts
     D:3: 1053 daAuts
   Orc:1: 1012 daAuts
     D:7: 988 daAuts
   IceCv: 855 daAuts
     D:1: 738 daAuts
  Lair:1: 690 daAuts
     D:5: 598 daAuts
     D:6: 593 daAuts
     D:4: 556 daAuts
